 Dungeon Crawl Stone Soup version 0.21.1-1-g345015fe64 (webtiles) character file.

381 RaHiT the Sneak (level 6, -4/44 HPs)
             Began as a Vampire Assassin on Feb 25, 2018.
             Slain by Menkaure (11 damage)
             ... on level 4 of the Dungeon.
             The game lasted 00:10:51 (2400 turns).

RaHiT the Sneak (Vampire Assassin)                  Turns: 2400, Time: 00:10:51

Health: -4/44      AC:  9    Str: 10    XL:     6   Next: 46%
Magic:  5/5        EV: 13    Int: 14    God:
Gold:   144        SH:  0    Dex: 17    Spells: 5/5 levels left

rFire    . . .     SeeInvis +   a - +2 dagger
rCold    . . .     Gourm    .   (no shield)
rNeg     . . .     Faith    .   c - +0 robe
rPois    +         Spirit   .   (helmet restricted)
rElec    .         Reflect  .   d - +0 cloak
rCorr    .         Harm     .   n - +0 pair of gloves
MR       .....                  i - +0 pair of boots
Stlth    ++........             (no amulet)
HPRegen  0.34/turn              m - ring of poison resistance
MPRegen  0.09/turn              u - +4 ring of protection

@: confused, regenerating quickly
A: antennae 1, fangs 3, hooves 1, see invisible, low mp 1, unbreathing
a: no special abilities


You were on level 4 of the Dungeon.
You were very full.

You visited 1 branch of the dungeon, and saw 5 of its levels.

You collected 144 gold pieces.

Inventory:

Hand Weapons
 a - a +2 dagger (weapon)
 b - a +0 blowgun
Missiles
 e - 24 poisoned needles
 f - 2 curare-tipped needles
Armour
 c - a +0 robe (worn)
 d - a +0 cloak (worn)
 i - a +0 pair of boots (worn)
 l - a +0 helmet
 n - a +0 pair of gloves (worn)
 w - a +0 buckler
Jewellery
 m - a ring of poison resistance (left hand)
 u - a +4 ring of protection (right hand)
Scrolls
 g - a scroll of fog {unknown}
 h - a scroll of enchant weapon {unknown}
 k - a scroll of random uselessness {unknown}
 q - 8 scrolls of identify {unknown}
 s - a scroll of blinking {unknown}
 v - 3 scrolls of fear {unknown}
 x - a scroll of teleportation {unknown}
 y - a scroll of remove curse {unknown}
 z - a scroll of amnesia {unknown}
Potions
 p - 4 potions of blood


   Skills:
 - Level 2.3 Fighting
 + Level 4.0 Short Blades
 - Level 2.1 Throwing
 - Level 1.1 Armour
 - Level 2.0 Dodging
 + Level 7.5 Stealth
 * Level 3.1 Shields


You had 5 spell levels left.
You didn't know any spells.

Dungeon Overview and Level Annotations

Branches:
Dungeon (5/15)
 Temple: D:4-7

Altars:
Cheibriados
Nemelex Xobeh

Annotations:
D:4 Menkaure


Innate Abilities, Weirdness & Mutations

Your natural rate of healing is unusually fast.
You have razor-sharp teeth.
You have supernaturally acute eyesight. (SInv)
You can survive without breathing.
You have a pair of small antennae on your head.
You have large cloven feet.
Your magical capacity is low. (-10% MP)


Message History

You feel invigorated.
The worker ant zombie struggles against the net.
The net rips apart, and the worker ant zombie comes free!
Menkaure barely misses you.
You hit Menkaure but do no damage.
Menkaure is severely damaged.
Menkaure hits you!
* * * LOW HITPOINT WARNING * * *
Menkaure closely misses you.
You hit Menkaure.
Menkaure is almost destroyed.
You hit Menkaure.
Menkaure is almost destroyed.
Menkaure gestures at you while chanting.
Pain shoots through your body!
* * * LOW HITPOINT WARNING * * *
You barely miss Menkaure. You bite Menkaure, but do no damage.
Menkaure is almost destroyed.
Menkaure hits you!
You die...

..... #...# #...#
#...# #...# #...#
##Z### #M#.##
#.@#.##
....(...##.##
#......$###.##
#.......# ##.#
#.>...#####.##
#...... ##.#######
###.##..#........#
#......##.#.##.#
####.####.#.##.#


You could see Menkaure and a worker ant zombie.

Vanquished Creatures
  The ghost of topfpfpflanze the Skirmisher, an amateur GnWn (D:3)
  A crimson imp (D:5)
  3 gnolls (D:2)
  3 adders
  2 oozes (D:3)
  6 worms
  A dart slug (D:2)
  4 leopard geckos
  An orc (D:3)
  A ball python (D:2)
  2 giant cockroaches (D:2)
  4 goblins
  4 hobgoblins
  3 bats
  5 frilled lizards
  6 kobolds
  8 rats
55 creatures vanquished.

Notes
Turn   | Place    | Note
-------+----------+-------------------------------------------
     0 | D:1      | RaHiT the Vampire Assassin began the quest for the Orb.
     0 | D:1      | Reached XP level 1. HP: 16/16 MP: 1/1
   666 | D:2      | Reached XP level 2. HP: 22/22 MP: 2/2
   722 | D:2      | Found a snail-covered altar of Cheibriados.
   730 | D:2      | Reached skill level 6 in Stealth
   786 | D:2      | Reached XP level 3. HP: 27/27 MP: 3/3
  1128 | D:2      | Reached skill level 1 in Armour
  1162 | D:2      | Reached XP level 4. HP: 33/33 MP: 4/4
  1221 | D:2      | Found a sparkling altar of Nemelex Xobeh.
  1842 | D:3      | Noticed topfpfpflanze's ghost (amateur GnWn)
  1852 | D:3      | Gained mutation: You have a pair of small antennae on your head. [potion of mutation]
  1852 | D:3      | Gained mutation: Your magical capacity is low. (-10% MP) [potion of mutation]
  1852 | D:3      | Gained mutation: You have large cloven feet. [potion of mutation]
  2004 | D:3      | Killed topfpfpflanze's ghost
  2004 | D:3      | Reached skill level 7 in Stealth
  2004 | D:3      | Reached XP level 5. HP: 17/38 MP: 4/4
  2004 | D:3      | Reached XP level 6. HP: 20/44 MP: 5/5
  2129 | D:3      | You fall through a shaft for 2 floors!
  2129 | D:5      | Entered Level 5 of the Dungeon
  2377 | D:4      | Noticed Menkaure
  2400 | D:4      | Slain by Menkaure

Skill      XL: |  1  2  3  4  5  6 |
---------------+-------------------+-----
Stealth        | 6 7 |  7.5
Fighting       | 2 |  2.3
Throwing       | 2 |  2.1
Armour         | 1 |  1.1
Dodging        | 2 |  2.0
Short Blades   | 3 4 |  4.0
Shields        | 2 3 |  3.1

Action                   |  1- 3 |  4- 6 || total
-------------------------+-------+-------++-------
Melee: Dagger            |    74 |   208 ||   282
       Bite              |     8 |    27 ||    35
 Fire: Blowgun           |     5 |     5 ||    10
Throw: Throwing net      |       |     1 ||     1
  Use: Potion            |     9 |    13 ||    22
 Stab: Sleeping          |    10 |     3 ||    13
       Distracted        |     1 |       ||     1
Armor: Robe              |    16 |    44 ||    60
Dodge: Dodged            |    26 |    92 ||   118
